[ AOE2 MATCH · #505862807 ]
UnrankedMalay vs Malians
Player's team · WIN
Rival team · LOSS
[ REPLAY ANALYSIS · EXTRACTED FROM THE RECORDED GAME ]
Feudal
11:20
Castle
23:59
Imperial
43:01
| APM avg | 95.8 |
| APM peak | 147 |
| eAPM avg | 48.4 |
| Villagers / military | 167 / 208 |
Focus
⚔️ 55.2% · 🌾 44.8%
Archer ×160 · Skirmisher ×19 · Mangonel ×9 · Trebuchet (Packed) ×7 · Karambit Warrior ×6 · Bombard Cannon ×4
Feudal
11:02
Castle
23:11
Imperial
43:11
| APM avg | 58.4 |
| APM peak | 122 |
| eAPM avg | 30.2 |
| Villagers / military | 250 / 357 |
Focus
⚔️ 54.8% · 🌾 45.2%
Skirmisher ×193 · Archer ×71 · Militia ×40 · Mangonel ×14 · Bombard Cannon ×12 · Knight ×9
Match map
Initial resources + every placement click. Lines = walls · curves = elevation contours. ◆ gold · ⬟ stone · ● berries · ✦ relic · ◌ wall gap
Your base· Open — 4t gap
Jack's base· Open — unwalled flank
Smoothed initial terrain · ◌ = detected wall gap · hover for details
Inputs per minute
— iamkaito - - Jack
Build order — iamkaito
First 150 of 530 actions detected
| 0:01 | Queue | Villager (Male) |
| 0:01 | Queue | Villager (Male) |
| 0:02 | Build | House |
| 0:02 | Queue | Villager (Male) |
| 0:03 | Build | House |
| 0:09 | Queue | Villager (Male) |
| 1:28 | Queue | Villager (Male) |
| 1:48 | Queue | Villager (Male) |
| 1:52 | Build | Lumber Camp |
| 2:21 | Queue | Villager (Male) |
| 2:52 | Queue | Villager (Male) |
| 3:12 | Queue | Villager (Male) |
| 3:12 | Queue | Villager (Male) |
| 3:36 | Queue | Villager (Male) |
| 3:57 | Build | House |
| 4:02 | Queue | Villager (Male) |
| 4:27 | Queue | Villager (Male) |
| 4:27 | Queue | Villager (Male) |
| 4:29 | Build | House |
| 4:54 | Queue | Villager (Male) |
| 5:11 | Build | Barracks |
| 5:13 | Queue | Villager (Male) |
| 5:23 | Queue | Villager (Male) |
| 5:39 | Queue | Villager (Male) |
| 6:06 | Build | House |
| 6:06 | Queue | Militia |
| 6:06 | Queue | Militia |
| 6:07 | Queue | Militia |
| 6:30 | Build | Palisade Wall |
| 6:31 | Build | Palisade Wall |
| 6:38 | Queue | Villager (Male) |
| 7:03 | Build | Palisade Wall |
| 7:04 | Build | Palisade Wall |
| 7:07 | Queue | Villager (Male) |
| 7:22 | Queue | Villager (Male) |
| 7:24 | Build | House |
| 7:27 | Build | Palisade Wall |
| 7:28 | Build | Palisade Wall |
| 7:34 | Queue | Villager (Male) |
| 7:44 | Build | Mill |
| 7:50 | Queue | Villager (Male) |
| 7:58 | Build | Palisade Wall |
| 7:59 | Queue | Villager (Male) |
| 8:00 | Build | House |
| 8:03 | Build | House |
| 8:05 | Queue | Villager (Male) |
| 8:25 | Build | Farm |
| 8:26 | Build | Palisade Wall |
| 8:31 | Build | Palisade Gate |
| 8:46 | Research | Loom |
| 9:01 | Queue | Villager (Male) |
| 9:02 | Queue | Villager (Male) |
| 9:05 | Build | Palisade Wall |
| 9:24 | Build | Palisade Wall |
| 9:52 | Research | Feudal Age |
| 10:23 | Build | Mining Camp |
| 10:33 | Build | Lumber Camp |
| 11:07 | Build | Palisade Wall |
| 11:19 | Queue | Villager (Male) |
| 11:20 | Age | Feudal Age |
| 11:24 | Queue | Villager (Male) |
| 11:45 | Queue | Villager (Male) |
| 11:48 | Build | Archery Range |
| 12:13 | Build | Palisade Wall |
| 12:15 | Queue | Villager (Male) |
| 12:33 | Queue | Villager (Male) |
| 12:34 | Queue | Archer |
| 12:34 | Queue | Archer |
| 12:36 | Build | House |
| 12:44 | Build | House |
| 12:46 | Queue | Villager (Male) |
| 12:51 | Queue | Villager (Male) |
| 13:01 | Queue | Archer |
| 13:06 | Build | Farm |
| 13:12 | Build | Blacksmith |
| 13:24 | Queue | Villager (Male) |
| 13:26 | Build | Farm |
| 13:28 | Build | Farm |
| 13:28 | Queue | Villager (Male) |
| 13:28 | Queue | Villager (Male) |
| 13:35 | Queue | Villager (Male) |
| 13:38 | Queue | Villager (Male) |
| 13:44 | Research | Double-Bit Axe |
| 13:45 | Queue | Villager (Male) |
| 13:51 | Build | House |
| 13:55 | Build | Farm |
| 14:04 | Build | House |
| 14:05 | Research | Fletching |
| 14:05 | Research | Fletching |
| 14:06 | Queue | Villager (Male) |
| 14:10 | Queue | Skirmisher |
| 14:12 | Queue | Archer |
| 14:13 | Queue | Villager (Male) |
| 14:33 | Queue | Villager (Male) |
| 14:36 | Build | Farm |
| 14:38 | Build | Farm |
| 14:41 | Queue | Villager (Male) |
| 14:48 | Build | House |
| 14:54 | Queue | Archer |
| 14:59 | Build | House |
| 15:07 | Queue | Archer |
| 15:08 | Build | House |
| 15:10 | Queue | Villager (Male) |
| 15:46 | Queue | Archer |
| 15:59 | Build | Farm |
| 16:10 | Build | Farm |
| 16:12 | Build | Farm |
| 16:12 | Build | Farm |
| 16:16 | Queue | Villager (Male) |
| 16:19 | Build | Archery Range |
| 16:20 | Queue | Villager (Male) |
| 16:26 | Queue | Skirmisher |
| 16:29 | Build | House |
| 16:31 | Queue | Archer |
| 16:41 | Queue | Archer |
| 16:48 | Queue | Villager (Male) |
| 17:10 | Queue | Skirmisher |
| 17:10 | Queue | Skirmisher |
| 17:18 | Queue | Skirmisher |
| 17:18 | Queue | Skirmisher |
| 17:20 | Build | House |
| 17:23 | Queue | Archer |
| 17:26 | Queue | Villager (Male) |
| 17:26 | Queue | Villager (Male) |
| 17:40 | Queue | Skirmisher |
| 17:53 | Build | Farm |
| 17:54 | Build | Farm |
| 17:54 | Queue | Skirmisher |
| 17:54 | Queue | Skirmisher |
| 18:03 | Build | House |
| 18:07 | Queue | Skirmisher |
| 18:15 | Queue | Skirmisher |
| 18:29 | Build | Farm |
| 18:31 | Queue | Villager (Male) |
| 18:38 | Queue | Villager (Male) |
| 18:40 | Queue | Villager (Male) |
| 18:48 | Queue | Skirmisher |
| 18:53 | Build | House |
| 18:55 | Build | House |
| 18:58 | Queue | Skirmisher |
| 18:58 | Queue | Skirmisher |
| 19:14 | Queue | Skirmisher |
| 19:14 | Queue | Skirmisher |
| 19:18 | Build | Farm |
| 19:18 | Queue | Villager (Male) |
| 19:19 | Queue | Villager (Male) |
| 19:22 | Research | Padded Archer Armor |
| 19:25 | Build | House |
| 19:34 | Queue | Villager (Male) |
| 19:35 | Build | Farm |
Build order — Jack
First 150 of 726 actions detected
| 0:00 | Queue | Villager (Male) |
| 0:01 | Queue | Villager (Male) |
| 0:01 | Queue | Villager (Male) |
| 0:01 | Queue | Villager (Male) |
| 0:02 | Queue | Villager (Male) |
| 0:03 | Build | House |
| 0:04 | Build | House |
| 1:26 | Queue | Villager (Male) |
| 1:26 | Queue | Villager (Male) |
| 1:44 | Build | Lumber Camp |
| 1:55 | Queue | Villager (Male) |
| 1:55 | Queue | Villager (Male) |
| 2:19 | Queue | Villager (Male) |
| 2:20 | Queue | Villager (Male) |
| 2:52 | Queue | Villager (Male) |
| 2:52 | Queue | Villager (Male) |
| 3:05 | Queue | Villager (Male) |
| 3:05 | Queue | Villager (Male) |
| 3:38 | Queue | Villager (Male) |
| 3:38 | Queue | Villager (Male) |
| 3:39 | Queue | Villager (Male) |
| 3:54 | Build | House |
| 4:18 | Build | Barracks |
| 4:24 | Queue | Villager (Male) |
| 4:24 | Queue | Villager (Male) |
| 5:05 | Build | House |
| 5:08 | Queue | Villager (Male) |
| 5:08 | Queue | Villager (Male) |
| 5:10 | Build | House |
| 5:24 | Queue | Militia |
| 5:24 | Queue | Militia |
| 5:57 | Queue | Villager (Male) |
| 6:08 | Queue | Militia |
| 6:11 | Queue | Villager (Male) |
| 6:26 | Build | Mill |
| 6:41 | Queue | Villager (Male) |
| 7:01 | Queue | Villager (Male) |
| 7:01 | Queue | Villager (Male) |
| 7:13 | Queue | Villager (Male) |
| 7:31 | Queue | Villager (Male) |
| 7:40 | Research | Loom |
| 7:55 | Queue | Villager (Male) |
| 8:30 | Queue | Villager (Male) |
| 8:52 | Research | Feudal Age |
| 8:52 | Research | Feudal Age |
| 9:57 | Queue | Villager (Male) |
| 9:58 | Build | Mining Camp |
| 10:07 | Queue | Militia |
| 10:07 | Queue | Militia |
| 10:45 | Queue | Militia |
| 10:47 | Build | Farm |
| 10:50 | Build | Farm |
| 11:02 | Age | Feudal Age |
| 11:15 | Research | Man-at-Arms (upgrade) |
| 11:20 | Queue | Villager (Male) |
| 11:24 | Build | Archery Range |
| 11:28 | Build | Archery Range |
| 11:30 | Build | House |
| 11:33 | Queue | Villager (Male) |
| 11:42 | Queue | Villager (Male) |
| 11:46 | Build | Blacksmith |
| 11:52 | Queue | Villager (Male) |
| 12:07 | Queue | Villager (Male) |
| 12:13 | Research | Double-Bit Axe |
| 12:38 | Queue | Archer |
| 12:39 | Queue | Archer |
| 12:39 | Queue | Archer |
| 12:39 | Queue | Archer |
| 12:41 | Queue | Villager (Male) |
| 12:44 | Build | House |
| 12:56 | Queue | Villager (Male) |
| 13:00 | Build | Farm |
| 13:02 | Build | Farm |
| 13:12 | Queue | Archer |
| 13:12 | Queue | Archer |
| 13:26 | Queue | Archer |
| 13:26 | Queue | Archer |
| 13:31 | Queue | Villager (Male) |
| 13:36 | Build | House |
| 13:39 | Build | House |
| 13:48 | Research | Fletching |
| 14:06 | Queue | Archer |
| 14:06 | Queue | Archer |
| 14:07 | Queue | Archer |
| 14:32 | Queue | Archer |
| 14:32 | Queue | Archer |
| 14:33 | Queue | Villager (Male) |
| 14:33 | Queue | Villager (Male) |
| 14:33 | Queue | Villager (Male) |
| 14:37 | Build | Lumber Camp |
| 14:44 | Build | House |
| 14:44 | Queue | Archer |
| 14:45 | Queue | Archer |
| 14:48 | Build | House |
| 14:49 | Queue | Archer |
| 15:13 | Build | House |
| 15:23 | Queue | Archer |
| 15:24 | Queue | Archer |
| 15:41 | Queue | Archer |
| 15:41 | Queue | Archer |
| 16:07 | Queue | Archer |
| 16:07 | Queue | Archer |
| 16:08 | Queue | Villager (Male) |
| 16:08 | Queue | Villager (Male) |
| 16:09 | Queue | Villager (Male) |
| 16:09 | Queue | Villager (Male) |
| 16:09 | Queue | Villager (Male) |
| 16:11 | Build | Farm |
| 16:11 | Build | Farm |
| 16:11 | Build | Farm |
| 16:11 | Build | Farm |
| 16:12 | Build | Farm |
| 16:12 | Build | Farm |
| 16:40 | Queue | Villager (Male) |
| 16:42 | Build | Farm |
| 16:42 | Build | Farm |
| 16:42 | Build | Farm |
| 16:49 | Build | House |
| 17:29 | Queue | Archer |
| 17:30 | Queue | Archer |
| 17:30 | Queue | Archer |
| 17:31 | Queue | Villager (Male) |
| 17:32 | Build | Farm |
| 17:34 | Build | Farm |
| 17:35 | Build | Farm |
| 18:04 | Queue | Villager (Male) |
| 18:08 | Build | Market |
| 18:10 | Build | House |
| 18:28 | Queue | Archer |
| 18:29 | Queue | Archer |
| 18:29 | Queue | Archer |
| 18:40 | Queue | Archer |
| 18:41 | Queue | Archer |
| 18:56 | Queue | Archer |
| 19:18 | Queue | Archer |
| 19:18 | Queue | Archer |
| 19:47 | Queue | Archer |
| 19:47 | Queue | Archer |
| 19:47 | Queue | Archer |
| 20:00 | Queue | Archer |
| 20:23 | Queue | Archer |
| 20:25 | Build | House |
| 20:31 | Research | Castle Age |
| 20:32 | Research | Castle Age |
| 20:56 | Queue | Militia |
| 20:56 | Queue | Militia |
| 20:56 | Queue | Militia |
| 21:22 | Build | Farm |
| 21:22 | Build | Farm |
| 21:23 | Build | Farm |
Match timeline
| 4:18 | Jack · first_building Barracks |
| 5:11 | iamkaito · first_building Barracks |
| 6:30 | iamkaito · wall_segment Palisade Wall x3 |
| 6:31 | iamkaito · wall_segment Palisade Wall x1 |
| 7:03 | iamkaito · wall_segment Palisade Wall x4 |
| 7:04 | iamkaito · wall_segment Palisade Wall x7 |
| 7:27 | iamkaito · wall_segment Palisade Wall x3 |
| 7:28 | iamkaito · wall_segment Palisade Wall x11 |
| 7:58 | iamkaito · wall_segment Palisade Wall x1 |
| 8:26 | iamkaito · wall_segment Palisade Wall x1 |
| 9:05 | iamkaito · wall_segment Palisade Wall x4 |
| 9:24 | iamkaito · wall_segment Palisade Wall x11 |
| 11:02 | Jack · age_up feudal |
| 11:07 | iamkaito · wall_segment Palisade Wall x4 |
| 11:20 | iamkaito · age_up feudal |
| 11:24 | Jack · first_building Archery Range |
| 11:48 | iamkaito · first_building Archery Range |
| 12:13 | iamkaito · wall_segment Palisade Wall x1 |
| 19:41 | iamkaito · wall_segment Palisade Wall x1 |
| 19:55 | iamkaito · wall_segment Palisade Wall x1 |
| 21:36 | Jack · first_market_buy 100 food |
| 22:16 | iamkaito · first_market_buy 100 food |
| 22:17 | iamkaito · first_market_sell 100 stone |
| 23:11 | Jack · age_up castle |
| 23:18 | Jack · first_market_sell 100 stone |
| 23:59 | iamkaito · age_up castle |
| 28:56 | Jack · first_building Siege Workshop |
| 32:29 | iamkaito · first_building Siege Workshop |
| 33:14 | Jack · first_building Monastery |
| 39:17 | iamkaito · first_building Castle |
| 40:32 | Jack · first_building Stable |
| 42:32 | Jack · first_building Castle |
| 43:01 | iamkaito · age_up imperial |
| 43:11 | Jack · age_up imperial |
| 55:18 | Jack · resign |
[ AI ANALYSIS · 1 CREDIT ]
What really happened in this match?
Wolo.gg analyzes every decision: build order, eco, micro, common mistakes by bracket. Personalized analysis on WhatsApp or Discord in 30 seconds.
Civ guide
Malay
Perfil
Jugador #3816609